AoeStats
← kkkg

Arena

510081609Analyzed
4v4 RM · 3d ago on Sep 29, 2026· 49m 37s· 8 players
Game mode
Random Map
Map size
Large (8 player)
Population
200
Speed
Normal
Resources
Standard
Victory
Conquest
Starting age
Dark Age
Ending age
Imperial Age
RankedLock teamsTeams togetherTeam positionsShared explorationLock speedFull tech treeHidden civsTurbo modeCheats
Victory
Defeat
1114
+15
🇹🇼 Khmer · Taiwan
1111
+15
🇹🇼 Wu · Taiwan
1045
+18
🇨🇳 Poles · China
1028
+19
🇩🇪 Britons · Germany
1145
-19
🇮🇹 Slavs · Italy
1095
-17
🇦🇺 Persians · Australia
1077
-16
🇨🇳 Italians · China
1041
-15
hello are you ok
1:12 Loom
10:39 Feudal Age
14:39 Castle Age
13:36 Double-Bit Axe
13:36 Horse Collar
15:58 Bow Saw
15:56 Heavy Plow
23:21 Gold Mining
25:40 Gold Shaft Mining
25:34 Scale Barding Armor
25:40 Forging
26:01 Town Watch
26:51 Wheelbarrow
27:19 Stone Mining
28:59 Stone Shaft Mining
31:03 Imperial Age
28:54 Hand Cart
28:41 Town Patrol
29:03 Husbandry
29:15 Bloodlines
29:18 Fortified Wall
29:36 Chain Barding Armor
29:52 Iron Casting
29:15 Light Cavalry
30:29 Ballistics
31:12 Stone Shaft Mining
31:33 Tusk Swords
31:32 Murder Holes
31:07 Elite Battle Elephant
32:13 Conscription
32:49 Crop Rotation
38:40 Plate Barding Armor
40:31 Blast Furnace
39:23 Fletching
39:34 Padded Archer Armor
39:25 Arson
41:08 Hoardings
41:58 Elite Skirmisher
42:01 Pikeman
48:20 Scale Mail Armor
48:21 Halberdier
kkkg
11:15 Feudal Age
12:19 Double-Bit Axe
12:22 Horse Collar
15:46 Castle Age
20:04 Wheelbarrow
21:33 Hand Cart
21:52 Heavy Plow
23:48 Gold Mining
23:57 Stone Mining
27:07 Treadmill Crane
28:31 Szlachta Privileges
28:52 Forging
28:49 Scale Barding Armor
31:44 Imperial Age
29:00 Loom
29:00 Town Watch
30:58 Chain Barding Armor
31:14 Iron Casting
30:30 Fletching
31:21 Iron Casting
31:18 Husbandry
31:29 Bloodlines
32:46 Conscription
32:02 Cavalier
35:25 Blast Furnace
34:16 Fletching
34:27 Padded Archer Armor
35:59 Thumb Ring
35:15 Elite Skirmisher
39:52 Bodkin Arrow
40:12 Leather Archer Armor
39:58 Scale Mail Armor
41:26 Squires
40:47 Pikeman
43:20 Chemistry
44:35 Chain Mail Armor
44:20 Bracer
45:02 Crop Rotation
这是我的弟弟约翰
10:20 Feudal Age
13:58 Castle Age
12:11 Double-Bit Axe
12:26 Horse Collar
23:41 Bow Saw
24:57 Heavy Plow
25:59 Wheelbarrow
25:08 Elite Skirmisher
30:27 Imperial Age
27:48 Pikeman
29:50 Hand Cart
29:28 Stone Mining
29:28 Gold Mining
30:10 Town Watch
30:46 Fletching
30:59 Padded Archer Armor
32:16 Two-Man Saw
32:18 Ballistics
35:45 Chemistry
35:51 Conscription
37:19 Halberdier
38:01 Squires
38:18 Heavy Scorpion
40:37 Bodkin Arrow
43:49 Fervor
44:00 Sanctity
44:18 Theocracy
44:10 Illumination
44:01 Block Printing
yam70018
12:11 Feudal Age
16:30 Castle Age
14:37 Double-Bit Axe
15:03 Stone Mining
15:52 Fletching
15:46 Horse Collar
16:00 Gold Mining
18:12 Loom
21:21 Town Watch
22:00 Bow Saw
26:05 Bodkin Arrow
27:01 Padded Archer Armor
28:20 Leather Archer Armor
28:16 Red Cliffs Tactics
29:20 Wheelbarrow
30:39 Town Patrol
31:12 Leather Archer Armor
31:00 Scale Mail Armor
32:50 Ballistics
32:59 Chain Mail Armor
32:54 Forging
32:43 Treadmill Crane
33:13 Masonry
41:11 Imperial Age
38:56 Hand Cart
39:10 Heavy Plow
40:18 Gold Shaft Mining
40:18 Stone Shaft Mining
42:32 Conscription
41:33 Elite Fire Archer
45:43 Bracer
46:46 Chemistry
45:43 Murder Holes
45:58 Masonry
48:23 Iron Casting
49:59 Stone Shaft Mining
passami lo sdrogo
11:44 Feudal Age
12:46 Gold Mining
17:15 Castle Age
15:38 Bloodlines
15:47 Scale Barding Armor
16:17 Forging
17:16 Wheelbarrow
18:16 Wheelbarrow
19:37 Loom
20:06 Husbandry
21:37 Chain Barding Armor
21:54 Double-Bit Axe
23:09 Stone Mining
23:57 Gold Shaft Mining
27:08 Iron Casting
28:25 Horse Collar
30:06 Caravan
31:51 Fletching
32:24 Hand Cart
37:15 Imperial Age
35:42 Pikeman
36:22 Squires
36:24 Scale Mail Armor
37:10 Murder Holes
Armateur
10:48 Feudal Age
10:10 Loom
11:42 Loom
16:00 Castle Age
14:32 Double-Bit Axe
14:51 Stone Mining
18:09 Wheelbarrow
17:28 Gold Mining
17:59 Bow Saw
19:30 Horse Collar
23:32 Gold Mining
25:51 Fortified Wall
28:58 Imperial Age
26:17 Town Watch
27:18 Fletching
27:51 Ballistics
27:13 Treadmill Crane
27:46 Heavy Plow
28:08 Bodkin Arrow
28:27 Crossbowman
29:12 Padded Archer Armor
29:28 Elite Longbowman
30:29 Bracer
30:45 Arbalester
33:48 Chemistry
33:10 Conscription
34:01 Warwolf
37:31 Pikeman
38:11 Squires
39:32 Hand Cart
39:34 Capped Ram
chromies
11:04 Feudal Age
13:00 Loom
16:43 Castle Age
14:40 Horse Collar
17:02 Double-Bit Axe
17:18 Heavy Plow
23:57 Wheelbarrow
26:31 Gold Mining
26:52 Bow Saw
27:19 Stone Mining
30:47 Hand Cart
30:19 Town Watch
31:14 Gold Shaft Mining
34:20 Imperial Age
32:00 Scale Barding Armor
32:06 Forging
32:20 Town Patrol
32:43 Caravan
35:07 Conscription
34:07 Elite War Elephant
35:17 Chain Barding Armor
35:33 Iron Casting
35:22 Ballistics
36:02 Chemistry
35:13 Masonry
36:12 Two-Man Saw
35:48 Bloodlines
35:38 Husbandry
37:37 Plate Barding Armor
39:45 Architecture
40:19 Blast Furnace
39:09 Fletching
39:20 Padded Archer Armor
41:28 Bodkin Arrow
42:44 Light Cavalry
42:55 Light Cavalry
43:51 Light Cavalry
44:51 Hussar
白爪猫
3:13 Loom
9:42 Feudal Age
10:22 Double-Bit Axe
13:03 Stone Mining
12:58 Horse Collar
18:42 Castle Age
17:25 Gold Mining
18:04 Fletching
19:55 Wheelbarrow
21:49 Bow Saw
23:26 Heavy Plow
24:36 Thumb Ring
29:14 Imperial Age
27:08 Padded Archer Armor
26:59 Elite Skirmisher
28:47 Bodkin Arrow
29:15 Masonry
29:48 Leather Archer Armor
33:18 Hand Cart
35:21 Architecture
Connection lost

Rejoining the realm…

Still unreachable

The connection could not be restored.

Session expired

The server has moved on; the page needs a fresh start.